 Dungeon Crawl Stone Soup version 0.27-a0-988-g25969acef8 (webtiles) character file.

Game seed: 14816792980416217335

25 runemasterragnar the Sneak (level 3, 0/30 HPs)
             Began as a Djinni Delver on Apr 16, 2021.
             Slain by a worm (7 damage)
             ... on level 4 of the Dungeon.
             The game lasted 00:01:30 (147 turns).

runemasterragnar the Sneak (Djinni Delver)           Turns: 147, Time: 00:01:31

Health: 0/30       AC:  3    Str: 12    XL:     3   Next: 6%
Gold:   5          EV: 12    Int: 11    God:
                   SH:  0    Dex: 14

rFire    + + .     SeeInvis .   h - staff of air
rCold    x . .     Faith    .   (no shield)
rNeg     . . .     Spirit   .   b - +0 leather armour
rPois    ∞         Reflect  .   (no helmet)
rElec    +         Harm     .   (no cloak)
rCorr    .         Rampage  .   (no gloves)
Will     .....                  (boots unavailable)
Stlth    ++........             (no amulet)
HPRegen  0.10/turn              (no ring)
MPRegen  0.00/turn              (no ring)

@: flying, hasted, very quick
A: fire resistance 2, cold vulnerability 1, float, innate caster, hp casting,
extra vitality 1
a: no special abilities


You were on level 4 of the Dungeon.
You visited 1 branch of the dungeon, and saw 2 of its levels.

You collected 5 gold pieces.

Inventory:

Hand Weapons
 a - a +0 falchion
Armour
 b - a +0 leather armour (worn)
Magical Staves
 h - a staff of air (weapon)
Wands
 g - a wand of digging (3)
Scrolls
 c - a scroll of fog
 e - a scroll of fear
 i - a scroll of teleportation {unknown}


   Skills:
 + Level 3.3 Fighting
 - Level 1.7 Long Blades
 + Level 2.7 Dodging
 + Level 4.3 Stealth
 + Level 1.0 Evocations


You had one spell level left.
You knew the following spells:

 Your Spells              Type           Power      Damage    Failure   Level
a - Magic Dart            Conj           0%         1d3       41%         1
Your spell library was empty.

Dungeon Overview and Level Annotations

Branches:
Dungeon (5/15)
 Temple: D:4-7

Altars:
Fedhas
Hepliaklqana


Innate Abilities, Weirdness & Mutations

You are immune to poison.
Your flesh is very heat resistant. (rF++)
You are vulnerable to cold. (rC-)
You float through the air rather than walking.
You learn spells naturally, not from books.
Your magical power is your life essence.
You have superior vitality. (+4 HP)


Message History

The hobgoblin is moderately wounded.
You hit the hobgoblin.
The hobgoblin is almost dead.
The hobgoblin hits you.
* * * LOW HITPOINT WARNING * * *
You closely miss the hobgoblin.
The hobgoblin is almost dead.
The hobgoblin misses you.
You hit the hobgoblin but do no damage.
The hobgoblin is almost dead.
The hobgoblin barely misses you.
You hit the hobgoblin.
You kill the hobgoblin!
You have reached level 3!
Your experience leads to an increase in your attributes!
Increase (S)trength, (I)ntelligence, or (D)exterity?
You feel stronger.
The power to cast Magic Dart wells up from within.
Spell assigned to 'a'.
You hit the giant cockroach but do no damage.
The giant cockroach closely misses you.
You hit the giant cockroach.
The giant cockroach is heavily wounded.
The giant cockroach misses you.
You closely miss the giant cockroach.
The giant cockroach is heavily wounded.
The giant cockroach barely misses you.
You hit the giant cockroach.
You kill the giant cockroach!
You hit the worm.
The worm is moderately wounded.
You hit the worm.
The worm is moderately wounded.
The worm closely misses you.
You hit the worm.
The worm is heavily wounded.
You hit the worm.
The worm is heavily wounded.
The worm bites you!
You die...

#### ****####*#.@#
**≈≈≈≈Bw.≈##w#
*****,*******#...###
,,,,*≈**≈≈≈≈≈##....#
*****≈*≈*****≈####.#
*,*≈*∩≈**≈* #.#
*≈*≈***,*≈* #.#
*≈*,,≈≈**≈* #.# *
*≈*******,* #.#####


You could see a worm.

Vanquished Creatures
  2 adders (D:4)
  A dart slug (D:4)
  A giant cockroach (D:4)
  A goblin (D:4)
  A hobgoblin (D:4)
6 creatures vanquished.

Notes
Turn   | Place    | Note
-------+----------+-------------------------------------------
     0 | D:5      | runemasterragnar the Djinni Delver began the quest for the
                  | Orb.
     0 | D:5      | Reached XP level 1. HP: 20/20 MP: 0/0
    36 | D:4      | Found a hazy altar of Hepliaklqana.
    46 | D:4      | Found a blossoming altar of Fedhas.
    69 | D:4      | Reached XP level 2. HP: 19/25 MP: 0/0
   133 | D:4      | Reached skill level 1 in Evocations
   140 | D:4      | Reached XP level 3. HP: 6/30 MP: 0/0
   140 | D:4      | Learned a level 1 spell: Magic Dart
   147 | D:4      | Slain by a worm

Illustrated notes

Levels and vault maps discovered:
D:4:      layout_loops_ring, nzn_hepliaklqana_mist_gate, old_standard_altar,
          gup_sewer_entry_spiral, uniq_natasha
D:5:      layout_gridville, kennysheep_little_box, okawaru_gym_becter,
          lemuel_tele_altar, minmay_temple_entry_poolview, uniq_grinder,
          uniq_edmund

Skill      XL: |  1  2 |
---------------+-------+-----
Evocations     | 1 |  1.0
Fighting       | |  3.3
Long Blades    | |  1.7
Dodging        | |  2.7
Stealth        | |  4.3

Action                   || total
-------------------------++-------
Melee: Staff             ||    53
  Use: Scroll            ||     1
       Potion            ||     1
 Stab: Sleeping          ||     1
Armor: Leather armour    ||     8
Dodge: Dodged            ||    42

Table legend: (Time is in decaauts)
 A = Elapsed time spent in this place.
 B = Non-inter-level travel time spent in this place.
 C = Inter-level travel time spent in this place.
 D = Time resting spent in this place.
 E = Time spent auto-exploring this place.
 F = Levels seen in this place.
 G = Mean time per level.
                   A        B        C        D        E       F      G
               +--------+--------+--------+--------+--------+-----+--------+
         Total |    146 |    146 |      0 |      0 |      0 |   2 |   73.0 |
       Dungeon |    146 |    146 |      0 |      0 |      0 |   2 |   73.0 |
               +--------+--------+--------+--------+--------+-----+--------+

Top non-repeatable levels by time:
     D:4: 130 daAuts
     D:5: 16 daAuts
